 Dungeon Crawl Stone Soup version 0.28.0-53-g5a82cb258f (webtiles) character file.

Game seed: 8168619997097941693

50 Infinimo the Cudgeller (level 3, -5/37 HPs)
             Began as an Ogre Gladiator on May 26, 2022.
             Slain by Natasha (6 damage)
             ... on level 2 of the Dungeon.
             The game lasted 00:01:49 (1744 turns).

Infinimo the Cudgeller (Ogre Gladiator)             Turns: 1744, Time: 00:01:50

Health: -5/37      AC:  6    Str: 18    XL:     3   Next: 79%
Magic:  3/3        EV: 10    Int: 11    God:
Gold:   82         SH:  0    Dex: 10    Spells: 2/2 levels left

rFire   . . .      SeeInvis .   a - +0 flail
rCold   . . .      Faith    .   (no shield)
rNeg    . . .      Spirit   .   b - +0 robe
rPois   .          Reflect  .   c - +0 hat
rElec   .          Harm     .   f - +0 cloak
rCorr   .          Rampage  .   (gloves unavailable)
Will    .....                   (boots unavailable)
Stlth   +.........              (no amulet)
HPRegen 0.12/turn               (no ring)
MPRegen 0.08/turn               (no ring)

@: slowed, very slow
A: large, unfitting armour, tough skin 1, horns 1, iridescent scales 1
a: no special abilities


You were on level 2 of the Dungeon.
You visited 1 branch of the dungeon, and saw 2 of its levels.

You collected 82 gold pieces.

Inventory:

Hand Weapons
 a - a +0 flail (weapon)
Missiles
 d - 3 throwing nets (quivered)
Armour
 b - a +0 robe (worn)
 c - a +0 hat (worn)
 f - a +0 cloak (worn)
Jewellery
 j - a +6 ring of strength
Scrolls
 e - 3 scrolls of summoning {unknown}
 g - a scroll of torment {unknown}
 h - a scroll of immolation {unknown}
 i - a scroll of vulnerability {unknown}
 l - a scroll of noise {unknown}


   Skills:
 + Level 3.5 Fighting
 * Level 3.5 Maces & Flails
 - Level 2.0 Throwing
 + Level 3.1 Dodging


You had 2 spell levels left.
You didn't know any spells.
Your spell library contained the following spells:

 Spells                   Type           Power      Damage    Failure   Level
 Blink                    Tloc           0%         N/A       47%         2
 Lesser Beckoning         Tloc           0%         N/A       71%         3
 Manifold Assault         Tloc           0%         N/A       100%        5


Dungeon Overview and Level Annotations

Branches:
Dungeon (2/15)

Altars:

Annotations:
D:2 Natasha


Innate Abilities, Weirdness & Mutations

You are too large for most types of armour.
You have tough skin. (AC +1)
You have a pair of small horns on your head.
You are partially covered in iridescent scales. (AC +2)


Message History

You feel yourself slow down. Natasha barely misses you.
You hit Natasha.
Natasha is lightly wounded.
Natasha claws you.
Natasha stares at you and mumbles some strange words.
The magic dart hits you.
You are too injured to fight recklessly!
You are too injured to fight recklessly!
You are too injured to fight recklessly!
It was a potion of mutation.
You feel extremely strange.
Iridescent scales grow over part of your body.
A pair of horns grows on your head! Natasha casts a spell at you.
You resist with some effort.
You closely miss Natasha.
Natasha is lightly wounded.
Natasha closely misses you. Natasha barely misses you.
You sock Natasha!
Natasha is almost dead.
Natasha howls an incantation.
You feel disoriented. Natasha claws you.
* * * LOW HITPOINT WARNING * * *
Natasha claws you.
* * * LOW HITPOINT WARNING * * *
Sorry, you're not good enough to have a special ability.
Unknown command.
You barely miss Natasha.
Natasha is almost dead.
Natasha claws you but does no damage.
You barely miss Natasha.
Natasha is almost dead.
Natasha claws you but does no damage. Natasha casts a spell at you.
The magic dart hits you.
* * * LOW HITPOINT WARNING * * *
You closely miss Natasha.
Natasha is almost dead.
Natasha claws you.
You die...

.....###.#
#.#.#.#
.....# #.#
#.#...#
###### #.#
#.#.###
#.# #....#
#.# ####.#
#.. #...#
#.. #.###
#.. #?####
##..
#.@h.#
####.# #


You could see Natasha.

Vanquished Creatures
  2 worms (D:2)
  2 dart slugs (D:1)
  3 ball pythons
  5 bats
  3 endoplasms
  A giant cockroach (D:1)
  4 goblins
  6 hobgoblins
  4 kobolds
  3 quokkas (D:1)
  2 rats
35 creatures vanquished.

Notes
Turn   | Place    | Note
-------+----------+-------------------------------------------
     0 | D:1      | Infinimo the Ogre Gladiator began the quest for the Orb.
     0 | D:1      | Reached XP level 1. HP: 22/22 MP: 1/1
   123 | D:1      | Reached XP level 2. HP: 31/31 MP: 2/2
   496 | D:1      | Found a faded altar of an unknown god.
   527 | D:1      | Reached XP level 3. HP: 16/37 MP: 3/3
  1730 | D:2      | Noticed Natasha
  1739 | D:2      | Gained mutation: You are partially covered in iridescent
                  | scales. (AC +2) [potion of mutation]
  1739 | D:2      | Gained mutation: You have a pair of small horns on your
                  | head. [potion of mutation]
  1743 | D:2      | HP: 1/37 [Natasha/magic dart (5)]
  1744 | D:2      | Slain by Natasha

Illustrated notes

Levels and vault maps discovered:
D:1:      tarquinn_simple_flora_water_f, layout_basic,
          chequers_ecumenical_altar_island, nrook_mini_vaults
D:2:      layout_basic, uniq_natasha

Skill      XL: |  1  2 |
---------------+-------+-----
Fighting       | 3 |  3.5
Maces & Flails | 3 |  3.5
Dodging        | 3 |  3.1
Throwing       | |  2.0

Action                   || total
-------------------------++-------
Melee: Flail             ||   140
       Punch             ||     2
  Use: Potion            ||     2
 Stab: Sleeping          ||     1
Armor: Robe              ||    73
Dodge: Dodged            ||    88
